AoeStats
← ms0268062

Pilgrims

510253979Analyzed
4v4 RM · 1d ago on Sep 30, 2026· 61m 20s· 8 players
Game mode
Random Map
Map size
Large (8 player)
Population
200
Speed
Normal
Resources
Standard
Victory
Conquest
Starting age
Dark Age
Ending age
Imperial Age
RankedLock teamsTeams togetherTeam positionsShared explorationLock speedFull tech treeHidden civsTurbo modeCheats
Victory
Defeat
🇻🇳 Varangians · Vietnam
1217
+13
🇨🇳 Tupi · China
1215
+13
🇹🇼 Persians · Taiwan
1183
+15
🇹🇼 Varangians · Taiwan
1161
+16
🇳🇿 Romans · New Zealand
1214
-17
🇨🇳 Vikings · China
1143
-14
🇹🇼 Vikings · Taiwan
1136
-13
🇨🇳 Malay · China
1134
-13
asd40130069
4:59 Loom
14:07 Feudal Age
15:37 Double-Bit Axe
18:04 Castle Age
19:03 Bow Saw
20:10 Wheelbarrow
21:50 Forging
21:45 Scale Barding Armor
22:29 Husbandry
22:41 Bloodlines
23:44 Gold Mining
24:59 Gold Shaft Mining
25:31 Hand Cart
25:02 Horse Collar
26:15 Heavy Plow
33:56 Imperial Age
31:50 Chain Barding Armor
32:05 Iron Casting
32:12 Iron Casting
31:36 Stone Mining
33:37 Cavalier
34:52 Conscription
36:00 Stone Shaft Mining
35:12 Savar
36:56 Blast Furnace
36:31 Plate Barding Armor
37:24 Plate Barding Armor
37:48 Light Cavalry
40:00 Hussar
41:26 Scale Mail Armor
SwallowXII
4:59 Loom
10:53 Feudal Age
11:19 Double-Bit Axe
16:39 Fletching
19:47 Castle Age
18:55 Gold Mining
20:49 Bodkin Arrow
35:19 Bow Saw
35:52 Horse Collar
38:35 Wheelbarrow
42:46 Scale Mail Armor
43:08 Heavy Plow
43:57 Chain Mail Armor
44:37 Forging
47:55 Hand Cart
50:39 Imperial Age
50:59 Ballistics
50:52 Elite Longship
53:02 Two-Man Saw
53:15 Chemistry
52:51 Clinker Construction
52:53 Careening
54:53 Shipwright
56:01 Carvel Hull
56:05 Dry Dock
58:25 Siege Engineers
Valodimer
6:43 Loom
10:08 Feudal Age
11:24 Double-Bit Axe
13:21 Fletching
17:38 Gold Mining
20:46 Castle Age
22:22 Bodkin Arrow
23:36 Ballistics
32:16 Bloodlines
32:18 Bow Saw
31:48 Horse Collar
31:57 Fishing Lines
32:28 Medium Warships
33:52 Heavy Plow
34:31 Wheelbarrow
35:36 Masonry
40:22 Imperial Age
39:20 Forging
39:17 Scale Barding Armor
41:30 Iron Casting
41:34 Stone Mining
43:00 Husbandry
42:49 Elite Jarl
43:53 Conscription
45:35 Blast Furnace
46:18 Bracer
47:05 Hand Cart
48:30 Chain Barding Armor
51:15 Town Watch
52:28 Town Patrol
54:00 Elite Longship
55:59 Guilds
57:48 Shipwright
58:01 Fervor
58:16 Clinker Construction
58:18 Careening
59:01 Fervor
60:52 Treadmill Crane
62:52 Chemistry
litchi
6:54 Loom
12:50 Feudal Age
13:46 Double-Bit Axe
13:54 Fishing Lines
16:29 Castle Age
15:21 Gold Mining
15:36 Stone Mining
17:35 Gillnets
18:09 Bow Saw
18:28 Town Watch
20:20 Wheelbarrow
22:50 Imperial Age
21:00 Gold Shaft Mining
21:21 Fletching
22:35 Hand Cart
22:28 Bodkin Arrow
22:36 Horse Collar
25:26 Conscription
25:35 Bracer
27:11 Padded Archer Armor
28:15 Chemistry
27:37 Ballistics
28:25 Leather Archer Armor
29:15 Scale Mail Armor
29:25 Forging
29:08 Elite Blackwood Archer
30:28 Chain Mail Armor
31:14 Caciques
32:39 Plate Mail Armor
33:01 Iron Casting
32:26 Champi Runner
33:37 Champi Warrior
34:18 Squires
34:04 Arson
34:38 Elite Champi Warrior
36:34 Two-Man Saw
35:35 Heavy Plow
35:49 Elite Ibirapema Warrior
36:37 Town Patrol
41:22 Heresy
44:35 Treadmill Crane
44:41 Arrowslits
44:47 Guard Tower
44:52 Murder Holes
45:08 Clinker Construction
46:18 Hoardings
45:14 Sappers
45:38 Heated Shot
47:14 Medium Warships
47:18 Careening
51:23 Dry Dock
51:22 Caravan
57:40 Heavy Warships
61:12 Spies/Treason
李哥7758
5:04 Loom
12:29 Feudal Age
17:28 Castle Age
15:35 Double-Bit Axe
15:33 Horse Collar
17:14 Wheelbarrow
16:33 Stone Mining
16:33 Gold Mining
19:40 Bow Saw
20:35 Heavy Plow
21:53 Hand Cart
29:22 Husbandry
32:36 Forging
32:18 Fletching
32:31 Light Cavalry
35:29 Town Watch
36:13 Scale Barding Armor
39:31 Imperial Age
37:44 Iron Casting
41:36 Blast Furnace
ms0268062
11:12 Feudal Age
11:04 Loom
14:55 Double-Bit Axe
16:51 Fletching
19:48 Castle Age
21:02 Medium Warships
21:27 Bow Saw
21:20 Fishing Lines
25:10 Gillnets
26:36 Bodkin Arrow
27:07 Ballistics
29:07 Careening
31:23 Gold Mining
31:48 Clinker Construction
37:40 Gold Shaft Mining
40:42 Imperial Age
39:59 Chieftains
40:18 Scale Mail Armor
40:29 Forging
41:29 Squires
42:12 Conscription
42:30 Pikeman
46:56 Elite Longship
[OTM]thebearjew
4:43 Loom
11:43 Feudal Age
13:36 Wheelbarrow
12:48 Double-Bit Axe
12:45 Horse Collar
20:57 Castle Age
19:55 Gold Mining
19:55 Stone Mining
20:10 Scale Mail Armor
20:20 Forging
20:02 Fletching
23:59 Bow Saw
23:52 Heavy Plow
24:56 Man-at-Arms
25:37 Squires
25:40 Long Swordsman
27:46 Pikeman
28:49 Chain Mail Armor
35:41 Imperial Age
33:30 Hand Cart
36:58 Crop Rotation
36:56 Capped Ram
39:17 Halberdier
月夜雪
12:27 Feudal Age
18:00 Castle Age
15:47 Loom
19:05 Medium Warships
18:56 Double-Bit Axe
20:10 Bow Saw
27:12 Gold Mining
27:13 Stone Mining
28:02 Ballistics
27:58 Clinker Construction
28:11 Clinker Construction
28:14 Careening
28:20 Horse Collar
30:40 Treadmill Crane
34:49 Imperial Age
33:09 Scale Mail Armor
40:06 Murder Holes
40:36 Conscription
40:36 Chieftains
41:10 Scale Barding Armor
41:16 Forging
42:32 Chain Barding Armor
Connection lost

Rejoining the realm…

Still unreachable

The connection could not be restored.

Session expired

The server has moved on; the page needs a fresh start.